 Dungeon Crawl Stone Soup version 0.27.1-15-g792fb953b9 (webtiles) character file.

Game seed: 3002832781619727169

25878 belegose the Covert (level 13, -8/82 HPs)
             Began as a Kobold Berserker on Nov 18, 2021.
             Was a High Priest of Trog.
             Splashed by an oklob plant's acid (11 damage)
             ... on level 1 of the Lair of Beasts.
             The game lasted 01:11:54 (23345 turns).

belegose the Covert (Kobold Berserker)             Turns: 23345, Time: 01:11:55

Health: -8/82      AC: 12    Str: 21    XL:     13   Next: 53%
Magic:  13/13      EV: 11    Int:  9    God:    Trog [*****.]
Gold:   1644       SH: 13    Dex: 14    Spells: 12/12 levels left

rFire    . . .     SeeInvis +   b - +4 scimitar (flame)
rCold    . . .     Faith    .   e - +2 kite shield
rNeg     . . .     Spirit   .   c - +2 chain mail {rPois}
rPois    +         Reflect  .   o - +2 helmet {SInv}
rElec    +         Harm     .   (no cloak)
rCorr    .         Rampage  .   (no gloves)
Will     .....                  z - +0 pair of boots of Relativism {rElec Str+2}
Stlth    ++........             g - amulet of regeneration
HPRegen  1.23/turn              (no ring)
MPRegen  0.13/turn              (no ring)

@: corroded
A: small, no large weapons, nightstalker 3
a: Renounce Religion, Berserk, Trog's Hand, Brothers in Arms


You were on level 1 of the Lair of Beasts.
You worshipped Trog.
Trog was extremely pleased with you.
You visited 4 branches of the dungeon, and saw 16 of its levels.
You also visited: Bailey.

You collected 1644 gold pieces.

Inventory:

Hand Weapons
 a - a +0 rapier of venom
 b - a +4 scimitar of flaming (weapon)
 E - the +8 short sword of Accidental Termination {flame, rElec rF+++ rN+ Dex-3}
   (You found it on level 10 of the Dungeon)

   It burns those it strikes, dealing additional fire damage.
   Dex:       It affects your dexterity (-3).
   rF:        It renders you almost immune to fire.
   rElec:     It insulates you from electricity.
   rN:        It protects you from negative energy.
 H - a +0 hand crossbow
Missiles
 f - 22 boomerangs
 i - 82 poisoned darts (quivered)
 l - 399 bolts
 q - a throwing net
Armour
 c - a +2 chain mail of poison resistance (worn)
 e - a +2 kite shield (worn)
 o - a +2 helmet of see invisible (worn)
 z - the +0 pair of boots of Relativism (worn) {rElec Str+2}
   (You found it in a bailey)

   Str:       It affects your strength (+2).
   rElec:     It insulates you from electricity.
 L - the +7 plate armour of Valour {rCorr Int+3 Stlth+}
   (You found it on level 12 of the Dungeon)

   Int:       It affects your intelligence (+3).
   rCorr:     It protects you from acid and corrosion.
   Stlth:     It makes you more stealthy.
Jewellery
 g - an amulet of regeneration (around neck)
 n - an amulet of reflection
Wands
 h - a wand of iceblast (19)
 k - a wand of polymorph (12)
 m - a wand of acid (12)
 B - a wand of digging (5)
 J - a wand of paralysis (5)
Scrolls
 d - a scroll of fear
 u - 2 scrolls of enchant armour
 y - a scroll of holy word
 C - 3 scrolls of teleportation
 I - 2 scrolls of magic mapping
Potions
 j - a potion of might
 t - 2 potions of curing
 w - 3 potions of lignification
 x - 2 potions of cancellation
 A - a potion of berserk rage
 D - a potion of magic


   Skills:
 + Level 10.1 Fighting
 - Level 8.7(10.1) Short Blades
 + Level 5.2(6.3) Long Blades
 + Level 6.8 Crossbows
 - Level 6.6 Throwing
 + Level 4.7 Armour
 - Level 8.3 Dodging
 - Level 10.5 Stealth
 + Level 7.2 Shields
 + Level 9.8 Evocations


You had 12 spell levels left.
You didn't know any spells.
Your spell library was empty.

Dungeon Overview and Level Annotations

Branches:
Dungeon (12/15)            Temple (1/1) D:5            Lair (1/6) D:9
    Orc (2/2) D:10            Elf (0/3) Orc:2        Bailey (visited)

Altars:
Gozag
Hepliaklqana
Beogh

Annotations:
D:9 3 runed translucent doors, exclusion: 3 doors, Cheops's ghost, novice NaTm; IBeShadow's ghost, novice TrMo
D:10 2 runed translucent doors, exclusion: 2 doors, nroviw's ghost, journeyman MiFi
D:12 exclusion: obsidian statue
Lair:1 exclusion: oklob plant


Innate Abilities, Weirdness & Mutations

You are small and have problems with some larger weapons.
You are completely attuned to the shadows.


Message History

A nearby plant withers and dies.
Unknown command.
You start resting.
HP restored.
Unknown command.
Really walk into a travel-excluded area?
You slash the oklob plant! You burn the oklob plant.
The oklob plant is moderately damaged.
You hit the oklob plant. You burn the oklob plant.
The oklob plant is moderately damaged.
You hit the oklob plant. You burn the oklob plant.
The oklob plant is heavily damaged.
You hit the oklob plant but do no damage.
The oklob plant is heavily damaged.
The oklob plant spits acid at you. You block the splash of acid.
You hit the oklob plant but do no damage.
The oklob plant is heavily damaged.
The oklob plant spits acid at you. The splash of acid hits you.
You are splashed with acid!
You slash the oklob plant! You burn the oklob plant.
The oklob plant is severely damaged.
You hit the oklob plant but do no damage.
The oklob plant is severely damaged.
The oklob plant spits acid at you. The splash of acid hits you.
The acid corrodes you!
You are splashed with acid!
You hit the oklob plant but do no damage.
The oklob plant is severely damaged.
The oklob plant spits acid at you. The splash of acid hits you!
You are splashed with acid!
The oklob plant spits acid at you. The splash of acid hits you!
* * * LOW HITPOINT WARNING * * *
You are splashed with acid!
* * * LOW HITPOINT WARNING * * *
The oklob plant spits acid at you. The splash of acid hits you!
* * * LOW HITPOINT WARNING * * *
You are splashed with acid!
You die...

........ .......
...... .....####
#.##....P)#
#.###....)# #.#
##@#### ####.#
#...#
##.##.####...#
.####......##....#
.P.#.............#
.................#
..................#
..###.......#..####
#..#.#.#...######


You could see an oklob plant.

Vanquished Creatures
  Jorgrun (Orc:2)
  Snorg (D:11)
  Erica (Orc:2)
  2 two-headed ogres
  An orc sorcerer (Orc:1)
  An ugly thing (D:11)
  An orc knight (Orc:1)
  2 cyclopes
  A manticore (D:9)
  A gargoyle (D:11)
  2 unseen horrors
  5 cane toads
  A komodo dragon (D:12)
  A kobold demonologist (D:11)
  5 trolls
  Prince Ribbit (D:5)
  9 blink frogs
  Grinder (D:6)
  3 slime creatures
  A meliai zombie (D:10)
  A shadow (D:11)
  10 yaks
  Eustachio (D:6)
  2 steam dragons (D:8)
  3 wargs (Orc:2)
  Menkaure (D:6)
  7 water moccasins
  A black bear (D:4)
  22 orc warriors
  4 sky beasts
  2 ice beasts (D:5)
  7 ogres
  6 centaurs
  A phantom (D:5)
  6 kobold brigands
  2 bullfrogs
  A gnoll sergeant (D:7)
  2 scorpions
  8 killer bees
  2 howler monkeys
  11 wights
  A bullfrog zombie (D:6)
  2 centaur zombies
  A bullfrog skeleton (D:5)
  5 jellies
  A gnoll shaman (D:8)
  9 orc priests
  18 orc wizards
  A hound skeleton (D:4)
  Robin (D:1)
  12 gnolls
  8 adders
  2 white imps
  An ufetubus (D:5)
  5 dart slugs
  63 orcs
  3 bats
  7 endoplasms
  2 giant cockroaches (D:2)
  18 goblins
  9 hobgoblins
  5 jackals
  18 kobolds
  2 quokkas
  2 ball pythons (D:1)
  A frilled lizard (D:3)
  6 rats
344 creatures vanquished.

Vanquished Creatures (collateral kills)
  Rupert (Orc:2)
  A troll (D:12)
  A shadow (D:12)
  An orc warrior (Orc:2)
  2 wights (D:10)
6 creatures vanquished.

Vanquished Creatures (others)
  2 plants (Lair:1)
2 creatures vanquished.

Grand Total: 352 creatures vanquished

Notes
Turn   | Place    | Note
-------+----------+-------------------------------------------
     0 | D:1      | belegose the Kobold Berserker began the quest for the Orb.
     0 | D:1      | Reached XP level 1. HP: 14/14 MP: 1/1
   232 | D:1      | Reached XP level 2. HP: 19/19 MP: 2/2
   284 | D:1      | Reached skill level 1 in Stealth
   936 | D:1      | Reached XP level 3. HP: 22/23 MP: 3/3
  2056 | D:2      | Found a hazy altar of Hepliaklqana.
  2078 | D:2      | Reached XP level 4. HP: 25/29 MP: 4/4
  2398 | D:2      | Noticed Robin
  2509 | D:1      | Killed Robin
  2570 | D:2      | Reached ** piety under Trog
  2823 | D:2      | Reached skill level 1 in Shields
  3171 | D:3      | Reached XP level 5. HP: 33/33 MP: 5/5
  3505 | D:3      | Found a faded altar of an unknown god.
  3722 | D:3      | Reached XP level 6. HP: 35/38 MP: 6/6
  4161 | D:4      | Reached skill level 1 in Long Blades
  4161 | D:4      | Reached skill level 1 in Throwing
  4161 | D:4      | Reached skill level 1 in Evocations
  4931 | D:5      | Entered Level 5 of the Dungeon
  5107 | D:5      | Reached *** piety under Trog
  5114 | D:5      | Reached XP level 7. HP: 44/44 MP: 7/7
  5437 | D:5      | Noticed Prince Ribbit
  5450 | D:5      | Killed Prince Ribbit
  5453 | D:5      | Reached XP level 8. HP: 46/48 MP: 8/8
  5473 | D:5      | Found a staircase to the Ecumenical Temple.
  5765 | Temple   | Entered the Ecumenical Temple
  5807 | D:5      | Reached skill level 5 in Fighting
  5922 | D:5      | Reached skill level 5 in Dodging
  5958 | D:5      | Reached skill level 5 in Stealth
  6019 | D:6      | Noticed Grinder
  6380 | D:6      | Noticed Menkaure
  6385 | D:6      | Killed Menkaure
  6386 | D:6      | Reached XP level 9. HP: 54/54 MP: 9/9
  6648 | D:6      | Reached skill level 5 in Short Blades
  6935 | D:6      | Killed Grinder
  7430 | D:6      | Reached skill level 5 in Evocations
  7479 | D:6      | Noticed Eustachio
  7508 | D:6      | Killed Eustachio
  7839 | D:7      | Identified the +10 hand axe of Gozag's Esteem {vorpal,
                  | rElec Str+2 SInv}
  7870 | D:7      | Reached XP level 10. HP: 61/61 MP: 10/10
  7997 | D:7      | Reached **** piety under Trog
  7998 | D:7      | Reached skill level 5 in Throwing
  9214 | D:8      | Identified the +1 robe of Melancholy {Slay+3}
 10350 | D:9      | Noticed a tengu warrior
 10351 | D:9      | Noticed a tengu warrior
 10768 | D:9      | Identified the +0 plate armour of the Land of Plenty {rN+
                  | Slay+2}
 11360 | D:9      | Found a runed translucent gate.
 11361 | D:9      | Found a runed translucent gate.
 11362 | D:9      | Found a runed translucent gate.
 11362 | D:9      | Noticed Cheops's ghost (novice NaTm)
 11654 | D:9      | Noticed a manticore
 11654 | D:9      | a tengu warrior changed into a manticore
 11918 | D:9      | Killed a manticore
 12174 | D:9      | Found a staircase to the Lair.
 12609 | D:9      | Found an opulent altar of Gozag.
 12704 | D:9      | Noticed IBeShadow's ghost (novice TrMo)
 12726 | D:10     | Entered Level 10 of the Dungeon
 12800 | D:10     | Reached XP level 11. HP: 67/67 MP: 11/11
 12941 | D:10     | Noticed a cyclops
 12948 | D:10     | Killed a cyclops
 12986 | D:10     | Found a runed translucent door.
 12995 | D:10     | Identified the +8 short sword of Accidental Termination
                  | {flame, rElec rF+++ rN+ Dex-3}
 13021 | D:10     | Noticed a two-headed ogre
 13039 | D:10     | Killed a two-headed ogre
 13040 | D:10     | Reached skill level 5 in Shields
 13154 | D:10     | Found a runed translucent door.
 13183 | D:10     | Found a flagged portal.
 13190 | Bailey   | Entered a bailey
 13792 | Bailey   | Identified the +0 pair of boots of Relativism {rElec Str+2}
 13805 | Bailey   | Noticed an orc knight
 14234 | D:10     | Reached skill level 1 in Crossbows
 14575 | D:10     | Identified the +9 halberd "Faiprale" {freeze, rElec rCorr
                  | Str-2}
 14723 | D:10     | Noticed a fire giant
 14723 | D:10     | Noticed a deep elf zephyrmancer
 14724 | D:10     | Noticed a necromancer
 14724 | D:10     | Noticed a skeletal warrior
 14725 | D:10     | Noticed a lich
 14775 | D:10     | Found a staircase to the Orcish Mines.
 14816 | D:10     | Noticed nroviw's ghost (journeyman MiFi)
 14983 | D:11     | Noticed a cyclops
 15021 | D:11     | Noticed Snorg
 15029 | D:11     | Killed Snorg
 15130 | D:10     | Reached ***** piety under Trog
 15457 | D:11     | Killed a cyclops
 16064 | D:12     | Reached XP level 12. HP: 61/75 MP: 12/12
 16070 | D:12     | Reached skill level 10 in Stealth
 16202 | D:12     | Noticed a death knight
 16501 | D:12     | Noticed a two-headed ogre
 17740 | D:11     | Received a gift from Trog
 18805 | D:11     | Killed a two-headed ogre
 19040 | D:12     | Identified the +7 plate armour of Valour {rCorr Int+3
                  | Stlth+}
 19151 | Orc:1    | Entered Level 1 of the Orcish Mines
 19908 | Orc:2    | Entered Level 2 of the Orcish Mines
 20748 | Orc:2    | Found a staircase to the Elven Halls.
 21033 | Orc:2    | Noticed Rupert
 21225 | Orc:2    | Killed Rupert
 21226 | Orc:2    | Reached skill level 5 in Crossbows
 21532 | Orc:1    | Noticed Jorgrun
 21547 | Orc:2    | Killed Jorgrun
 21548 | Orc:2    | Reached XP level 13. HP: 75/80 MP: 13/13
 21655 | Orc:1    | Noticed Erica
 21668 | Orc:2    | Killed Erica
 22469 | Lair:1   | Entered Level 1 of the Lair of Beasts
 22560 | D:9      | Received a gift from Trog
 22685 | D:9      | Reached skill level 5 in Long Blades
 22689 | D:9      | Reached skill level 10 in Fighting
 23345 | Lair:1   | HP: 3/82 [oklob plant/splash of acid (10)]
 23345 | Lair:1   | Splashed by an oklob plant's acid

Illustrated notes

Levels and vault maps discovered:
D:1:      heliophobic_arrival_glass_houses, layout_loops_corners
D:2:      layout_loops_ring, basic_altar, uniq_robin
D:3:      layout_basic, ebering_ecumenical_altar_mist
D:4:      layout_basic, minmay_misc_feat_rugged,
          hangedman_abyss_or_decor_stagger
D:5:      layout_cave_pools, minmay_temple_entry_glass, st_stairs_7,
          grunt_decor_one_mirror, hangedman_decor_push, uniq_prince_ribbit1
D:6:      layout_loops_ring, grunt_ministairs_12, amcnicky_mini_pool_small,
          st_stairs_14, uniq_menkaure, uniq_grinder, uniq_eustachio
D:7:      layout_basic
D:8:      layout_loops_ring
D:9:      layout_cave_pools, nicolae_gozag_cash_rules_everything_around_me,
          lair_entry_dummy, gammafunk_ghost_cemetery
D:10:     layout_long_grid, orc_0_dummy, enter_bailey_3,
          muffindrake_ghost_dual_entry
D:11:     layout_rooms, kennysheep_generic_room_11, uniq_snorg
D:12:     minmay_statue_hallways, layout_cave_pools, enter_trove_3,
          grunt_ministairs_1
Temple:   regret_index_temple_sigil_plot
Lair:1:   layout_gridlike, guppyfry_lair_drakes, minmay_lair_oklob_chamber,
          infiniplex_staircase_pool_2
Orc:1:    layout_caves, uniq_jorgrun, uniq_erica
Orc:2:    st_orc_mages, layout_diamond_mine, basic_altar,
          nicolae_orc_tapped_out, uniq_rupert

Skill      XL: |  1  2  3  4  5  6  7  8  9 10 11 12 13 |
---------------+----------------------------------------+-----
Stealth        | 1 2 3 4 5 7 8 9 10 | 10.5
Dodging        | 3 4 5 6 7 8 |  8.3
Shields        | 1 2 3 4 5 6 7 |  7.2
Fighting       | 4 5 6 7 8 9 10 | 10.1
Long Blades    | 1 2 3 4 5 |  5.2
Throwing       | 1 2 3 4 6 |  6.6
Evocations     | 1 2 3 5 6 7 9 |  9.8
Short Blades   | 6 7 8 |  8.7
Armour         | 2 3 4 |  4.7
Crossbows      | 3 5 6 |  6.8

Action                   |  1- 3 |  4- 6 |  7- 9 | 10-12 | 13-15 || total
-------------------------+-------+-------+-------+-------+-------++-------
Melee: Short sword       |    35 |       |       |     3 |       ||    38
       Falchion          |    46 |   155 |       |       |       ||   201
       Rapier            |       |    11 |   168 |   325 |    73 ||   577
       Scimitar          |       |       |    15 |   360 |   121 ||   496
Throw: Stone             |       |    18 |     2 |     2 |       ||    22
       Dart              |       |     2 |     1 |     8 |    15 ||    26
Invok: Berserk           |     2 |     3 |     7 |    13 |     3 ||    28
       Brothers in Arms  |       |       |       |     4 |       ||     4
       Trog's Hand       |       |       |       |     2 |       ||     2
Evoke: Wand              |       |       |       |     7 |       ||     7
  Use: Scroll            |       |       |       |    21 |       ||    21
       Potion            |       |       |       |     1 |       ||     1
 Stab: Sleeping          |    11 |    15 |     7 |    21 |     2 ||    56
       Distracted        |       |     1 |       |     4 |       ||     5
       Paralysed         |       |       |       |     1 |       ||     1
Armor: Animal skin       |     3 |       |       |       |       ||     3
       Ring mail         |    17 |    33 |    36 |     8 |       ||    94
       Robe              |       |       |       |    60 |       ||    60
       Plate armour      |       |       |       |    69 |     3 ||    72
       Chain mail        |       |       |       |       |    37 ||    37
Dodge: Dodged            |    41 |    45 |    79 |   267 |    54 ||   486
Block: Kite shield       |    22 |   136 |   161 |   708 |   127 ||  1154
       Reflection        |       |     2 |     1 |    36 |     5 ||    44
       Rpst.: Falchion   |     5 |    11 |       |       |       ||    16
       Scimitar          |       |       |       |    38 |     8 ||    46
